Map: Waterfall

Players

RawDoggyDogg - Winner!

  • Race: Protoss Protoss
  • League: Diamond
  • Spawn Location: 7:00

BigBeezy

  • Race: Zerg Zerg
  • League: Platinum
  • Spawn Location: 1:00

VOD

Have the link to the VOD?

Description

Time

  • Played on: Aug. 7, 2022, 12:39 a.m.
  • Length: 6:58
Show
View Real Time Build Order
Export as new Build Order

RawDoggyDogg Protoss - Winner!

Build Orders: 1 Gate Expand, Dark Templar Rush 

Get SALT Encoding   

  12  0:00  Probe  
  13  0:12  Probe  
  14  0:19  Pylon  
  14  0:24  Probe  
  15  0:37  Probe  
  15  0:39  Gateway  
  16  0:49  Probe, Assimilator  
  17  1:02  Probe (Chrono Boost)  
  19  1:12  Probe (Chrono Boost)  
  19  1:17  Probe (Chrono Boost)  
  20  1:27  Cybernetics Core  
  20  1:37  Nexus  
  20  1:44  Pylon  
  20  1:52  Zealot  
  22  2:00  Gateway  
  22  2:16  Shield Battery  
  22  2:17  Warp Gate  
  22  2:23  Stalker  
  22  2:28  Pylon  
  24  2:32  Probe (Chrono Boost), Assimilator  
  25  2:43  Probe (Chrono Boost)  
  26  2:50  Probe (Chrono Boost)  
  26  2:52  Probe  
  28  3:02  Twilight Council, Probe (Chrono Boost)  
  28  3:04  Probe (Chrono Boost)  
  30  3:14  Probe (Chrono Boost)  
  30  3:16  Probe (Chrono Boost)  
  32  3:21  Probe (Chrono Boost)  
  32  3:22  Probe (Chrono Boost)  
  34  3:28  Probe (Chrono Boost)  
  34  3:32  Probe (Chrono Boost)  
  36  3:40  Probe (Chrono Boost)  
  37  3:44  Dark Shrine  
  37  3:46  Gateway  
  37  3:48  Probe x2 (Chrono Boost)  
  39  3:52  Pylon  
  39  3:54  Charge  
  39  3:55  Probe  
  40  4:00  Probe  
  41  4:03  Assimilator  
  41  4:07  Probe, Assimilator  
  42  4:12  Probe  
  43  4:19  Probe  
  44  4:24  Probe  
  44  4:27  Robotics Facility  
  45  4:32  Gateway  
  45  4:34  Gateway  
  45  4:41  Gateway  
  45  4:43  Gateway  
  45  4:45  Gateway  
  45  4:51  Pylon  
  45  4:55  Pylon  
  45  4:57  Pylon  
  45  5:02  Probe  
  45  5:03  Pylon  
  46  5:07  Probe  
  47  5:14  Dark Templar x2  
  47  5:15  Dark Templar  
  53  5:27  Warp Prism  
  55  5:29  Zealot x2  
  59  5:39  Dark Templar x2  
  63  5:45  Dark Templar  
  63  5:48  Zealot  
  67  5:54  Zealot x2  
  71  6:14  Pylon  
  71  6:15  Pylon  
  71  6:30  Zealot x5  
  71  6:31  Zealot  
  83  6:33  Zealot x2  
  83  6:50  Dark Templar x3  
  83  6:51  Dark Templar x2  
Show
View Real Time Build Order
Export as new Build Order

BigBeezy Zerg 

Build Orders: Pool First 

Get SALT Encoding   

  12  0:01  Drone  
  13  0:14  Drone  
  14  0:32  Overlord  
  14  0:50  Drone x3  
  14  0:54  Spawning Pool  
  16  1:04  Drone  
  17  1:14  Hatchery  
  17  1:15  Drone  
  17  1:25  Drone  
  17  1:30  Extractor  
  17  1:35  Drone  
  18  1:41  Queen  
  18  1:45  Zergling x2  
  21  1:56  Overlord  
  21  2:06  Drone  
  22  2:16  Queen  
  22  2:17  Drone  
  25  2:29  Drone x2  
  26  2:44  Drone  
  26  2:45  Drone  
  26  2:48  Drone  
  29  2:54  Metabolic Boost  
  29  2:55  Hatchery  
  27  3:06  Drone  
  27  3:08  Drone x3  
  27  3:11  Overlord  
  31  3:17  Drone  
  32  3:23  Overlord  
  32  3:25  Drone x3  
  35  3:32  Queen  
  37  3:39  Drone x2  
  39  3:41  Drone  
  39  3:42  Drone x2  
  39  3:47  Overlord  
  42  3:53  Drone  
  43  4:03  Drone x5  
  48  4:12  Queen  
  48  4:14  Queen  
  52  4:19  Overlord x2  
  52  4:20  Drone x2  
  52  4:23  Extractor  
  53  4:24  Extractor  
  53  4:27  Roach Warren, Evolution Chamber  
  50  4:34  Overlord x2  
  50  4:35  Overlord  
  50  4:36  Drone x4  
  54  4:41  Drone x3  
  57  4:46  Evolution Chamber  
  57  4:47  Lair  
  57  4:48  Drone  
  57  4:50  Drone  
  58  5:07  Roach  
  58  5:08  Roach x2  
  58  5:14  Zergling x2  
  65  5:15  Zergling x2  
  65  5:17  Zergling x2  
  65  5:19  Drone x8  
  75  5:22  Extractor  
  75  5:24  Extractor, Drone  
  75  5:25  Overlord  
  74  5:32  Drone  
  74  5:33  Extractor  
  74  5:35  Drone x3  
  77  5:43  Drone x3  
  77  5:45  Roach x4  
  88  6:00  Roach x3  
  94  6:08  Drone x3  
  94  6:09  Hatchery  
  96  6:14  Roach x4  
  96  6:17  Roach  
  105  6:20  Overlord  
  105  6:21  Overlord x2  
  105  6:24  Overlord x2  
  103  6:32  Roach  
Tags
 
Add a new tag
Caveats
  • Supply blocks, unpowered buildings, or Contaminate may cause inaccurate times.
  • Supply counts are checked every 10 seconds.